[Event "Titled Tuesday Blitz March 01 Early 2022"]
[White "Warmerdam, Max"]
[Black "Belyakov, Bogdan"]
[WhiteFideId "1048104"]
[BlackFideId "24104795"]
[WhiteElo "2537"]
[BlackElo "2407"]
[Result "1-0"]
[Round "07"]
[TimeControl "180+1"]
[Date "2022.03.01"]
[WhiteClock "0:00:27"]
[BlackClock "0:00:06"]

1. e4 e5 2. Nf3 Nc6 3. Bb5 Nf6 4. d3 Bc5 5. Bxc6 dxc6 6. O-O Nd7 7. Nc3 O-O 8. Be3 Bd6 9. a4 c5 10. Nd2 Nb8 11. Nc4 Nc6 12. Nxd6 cxd6 13. f4 exf4 14. Bxf4 f5 15. Qd2 Nd4 16. Be3 fxe4 17. dxe4 Nc6 18. Qd5+ Kh8 19. Bg5 Qe8 20. Rxf8+ Qxf8 21. Rf1 Qe8 22. Nb5 Be6 23. Qxd6 Bc4 24. Nc7 Qg8 25. Nxa8 Bxf1 26. Kxf1 Qxa8 27. Qxc5 h6 28. Bd2 Qb8 29. g3 Qe8 30. Bc3 Kg8 31. Qd5+ Kh8 32. Ke2 Nd8 33. Kd2 a6 34. Kc1 Nc6 35. Kb1 Kh7 36. Qf5+ Kh8 37. g4 Qd8 38. Qf7 Nd4 39. Qd5 Qxd5 40. exd5 Ne2 41. d6 Nf4 42. d7 Ne6 43. Ba5 1-0


[Site "https://www.chess.com"]

[Event "Titled Tuesday Blitz March 01 Early 2022"]
[White "Winkels, Marcel"]
[Black "Zavivaeva, Emilia"]
[WhiteFideId "1003887"]
[BlackFideId "34127531"]
[WhiteElo "1900"]
[BlackElo "1685"]
[Result "1-0"]
[Round "07"]
[TimeControl "180+1"]
[Date "2022.03.01"]
[WhiteClock "0:02:12"]
[BlackClock "0:00:10"]

1. b3 e5 2. Bb2 Nc6 3. e3 d5 4. Bb5 Bd6 5. f4 Qe7 6. Nf3 Bg4 7. h3 Bxf3 8. Qxf3 Nf6 9. O-O O-O 10. Nc3 d4 11. Ne4 Nxe4 12. Qxe4 1-0


[Site "https://www.chess.com"]

[Event "Titled Tuesday Blitz March 01 Early 2022"]
[White "Wong, Yinn Long"]
[Black "Agibileg, Uurtsaikh"]
[WhiteFideId "5707684"]
[BlackFideId "4901606"]
[WhiteElo "2055"]
[BlackElo "2205"]
[Result "1-0"]
[Round "07"]
[TimeControl "180+1"]
[Date "2022.03.01"]
[WhiteClock "0:01:02"]
[BlackClock "0:00:04"]

1. d4 Nf6 2. Bf4 g6 3. Nc3 Bg7 4. e4 c6 5. e5 Nd5 6. Nxd5 cxd5 7. Nf3 O-O 8. Bd3 d6 9. exd6 exd6 10. O-O Nc6 11. c3 Bg4 12. h3 Bc8 13. Qd2 b6 14. Rfe1 Bb7 15. Bh6 Re8 16. Bxg7 Kxg7 17. Qf4 Qf6 18. Qg3 Na5 19. Nh2 h5 20. Nf1 Nc4 21. Bxc4 dxc4 22. Rxe8 Rxe8 23. Ne3 h4 24. Qh2 b5 25. a4 a6 26. axb5 axb5 27. Ng4 Qe6 28. Qf4 Qf5 29. Qh6+ Kg8 30. Qxh4 Re2 31. Nh6+ 1-0


[Site "https://www.chess.com"]

[Event "Titled Tuesday Blitz March 01 Early 2022"]
[White "Yang, Kaiqi"]
[Black "Kett, Tim"]
[WhiteFideId "8604398"]
[BlackFideId "1801210"]
[WhiteElo "2373"]
[BlackElo "2098"]
[Result "1-0"]
[Round "07"]
[TimeControl "180+1"]
[Date "2022.03.01"]
[WhiteClock "0:00:12"]
[BlackClock "0:00:01"]

1. e4 e5 2. Nc3 d6 3. f4 f5 4. fxe5 dxe5 5. Nf3 fxe4 6. Nxe4 Nf6 7. Bd3 Nc6 8. O-O Bg4 9. Qe1 Bxf3 10. Rxf3 Nb4 11. Nxf6+ gxf6 12. Be4 Qd4+ 13. Kh1 Nd5 14. c3 Qc5 15. d4 Qd6 16. dxe5 fxe5 17. Bg5 Be7 18. Rd1 Bxg5 19. Rxd5 Qe7 20. Rxe5 Qxe5 21. Bc6+ bxc6 22. Qxe5+ Be7 23. Qe6 Rb8 24. Qxc6+ Kd8 25. g3 Bd6 26. Rf7 Kc8 27. Qd7+ Kb7 28. Qb5+ Ka8 29. Qc6+ Rb7 30. a4 Kb8 31. b4 Rb6 32. Qd5 a5 33. b5 Rd8 34. c4 Be7 35. Qe4 1-0


[Site "https://www.chess.com"]

[Event "Titled Tuesday Blitz March 01 Early 2022"]
[White "Yuan, Qingyu"]
[Black "Eynullayev, Atilla"]
[WhiteFideId "8609772"]
[BlackFideId "13413570"]
[WhiteElo "2359"]
[BlackElo "1979"]
[Result "1-0"]
[Round "07"]
[TimeControl "180+1"]
[Date "2022.03.01"]
[WhiteClock "0:00:13"]
[BlackClock "0:00:19"]

1. e4 c5 2. Nf3 e6 3. d4 cxd4 4. Nxd4 Nc6 5. Nc3 a6 6. Be3 Nf6 7. a3 Qc7 8. f4 d5 9. e5 Ne4 10. Nxe4 dxe4 11. Qe2 Bd7 12. O-O-O Be7 13. g3 Nxd4 14. Bxd4 Bb5 15. Qe3 O-O 16. Kb1 Rfc8 17. Rd2 Qa5 18. Bg2 Bc6 19. Rhd1 b5 20. Bxe4 Bxe4 21. Qxe4 b4 22. a4 Qxa4 23. b3 Qb5 24. Bb2 a5 25. Rd7 Re8 26. Rxe7 Rxe7 27. Qxa8+ 1-0


[Site "https://www.chess.com"]

[Event "Titled Tuesday Blitz March 01 Early 2022"]
[White "Yushko, Olga"]
[Black "Omariev, Maksim"]
[WhiteFideId "14114500"]
[BlackFideId "4193423"]
[WhiteElo "2028"]
[BlackElo "2426"]
[Result "0-1"]
[Round "07"]
[TimeControl "180+1"]
[Date "2022.03.01"]
[WhiteClock "0:00:03"]
[BlackClock "0:00:06"]

1. d4 a6 2. c4 b6 3. Nc3 c6 4. Nf3 d6 5. Bf4 e6 6. e3 f6 7. Bd3 g6 8. O-O Bb7 9. b4 Nd7 10. Qc2 Ne7 11. Bxd6 Bg7 12. a4 O-O 13. a5 b5 14. cxb5 cxb5 15. Rac1 Rc8 16. Qb3 Re8 17. Qxe6+ Kh8 18. Qf7 Rxc3 19. Rxc3 Nd5 20. Rc2 f5 21. Bxf5 gxf5 22. Qxf5 N7f6 23. Be5 Rf8 24. Ng5 Bc8 25. Qf3 Nxb4 26. Rc7 Kg8 27. Qg3 Bg4 28. h3 Nbd5 29. Rxg7+ Kxg7 30. hxg4 Qxa5 31. Ne6+ Kf7 32. Nxf8 Kxf8 33. Qh4 Kg7 34. Qg5+ Kf7 35. Rc1 Qb6 36. Qh6 Nb4 37. g5 Nd7 38. Qg7+ Ke6 39. d5+ Nxd5 40. Qg8+ Kxe5 41. f4+ Ke4 42. Qe8+ Kd3 43. Qxd7 Qxe3+ 44. Kh2 Qxf4+ 45. Kh3 Qe3+ 46. g3 Qxc1 47. Qxd5+ Kc3 48. Qc6+ Kb2 49. Qxa6 Qxg5 50. Qb7 Kb3 51. Qf3+ Ka4 52. Qe4+ b4 53. Qc6+ Ka3 54. Qa6+ Kb2 55. Qe2+ Ka3 56. Qd3+ b3 57. Qxh7 b2 58. Qa7+ Kb3 59. Qb6+ Kc3 60. Qc6+ Kb4 61. Qe4+ Kb3 62. Qd3+ Ka2 63. Qc2 Qh5+ 64. Kg2 Qd5+ 65. Kh3 Qb3 66. Qc7 Ka1 67. Qe5 Ka2 68. Qe2 Ka3 69. Qa6+ Kb4 70. Qb6+ Kc3 71. Qc5+ Qc4 72. Qe3+ Kb4 73. Qd2+ Qc3 74. Qd6+ Kc4 75. Qc6+ Kd3 76. Qf3+ Kc2 77. Qe2+ Qd2 78. Qc4+ Kd1 79. Qb3+ Qc2 80. Qf3+ Kd2 81. Qf2+ Kd3 82. Qf5+ Kc3 83. Qc5+ Kd2 84. Qd4+ Kc1 85. Qe3+ Kb1 86. g4 Ka1 87. Qa3+ Kb1 88. g5 Kc1 89. Kh4 Kd2 90. Qb4+ Qc3 91. Qf4+ Kc2 92. Qf2+ Kb3 93. Qb6+ Qb4+ 94. Qxb4+ Kxb4 95. g6 b1=Q 96. Kg5 Qg1+ 97. Kf6 Qb6+ 98. Kf7 Qc7+ 99. Kf8 Qd8+ 100. Kf7 Qd7+ 101. Kf8 Qd6+ 102. Kf7 Qf4+ 103. Kg8 Kc5 104. g7 Qf6 105. Kh7 Qf7 106. Kh8 Qh5+ 107. Kg8 Kd6 108. Kf8 Qf5+ 109. Ke8 Qg6+ 110. Kf8 Qf6+ 111. Kg8 Ke6 112. Kh7 Qh4+ 113. Kg6 Qg4+ 114. Kh7 Kf7 115. Kh6 Qg6# 0-1


[Site "https://www.chess.com"]

[Event "Titled Tuesday Blitz March 01 Early 2022"]
[White "Zainullina, Nataliya"]
[Black "Jakubowska, Anna"]
[WhiteFideId "4145488"]
[BlackFideId "1121952"]
[WhiteElo "2058"]
[BlackElo "1924"]
[Result "0-1"]
[Round "07"]
[TimeControl "180+1"]
[Date "2022.03.01"]
[WhiteClock "0:00:09"]
[BlackClock "0:01:20"]

1. e4 Nf6 2. d3 e5 3. Nd2 Nc6 4. Ngf3 d5 5. g3 dxe4 6. dxe4 Bg4 7. Bg2 Bc5 8. O-O Qe7 9. c3 O-O-O 10. Re1 h5 11. b4 Bb6 12. a4 a6 13. b5 Nb8 14. Qb3 a5 15. Nc4 Bxf3 16. Nxb6+ cxb6 17. Bxf3 Nbd7 18. Ba3 Nc5 19. Qc4 Kb8 20. Rad1 h4 21. Bg2 hxg3 22. hxg3 Rxd1 23. Rxd1 Rc8 24. Qe2 Qe6 25. Qc2 Qc4 26. Rd6 Nxa4 27. Bh3 Rc7 28. Rd8+ Ka7 29. Bd6 Nxc3 30. Bxc7 Qxc7 31. Bf1 Qxd8 32. Qxc3 Nxe4 33. Qxe5 Nf6 34. Bg2 Qd1+ 35. Kh2 Ng4+ 36. Kh3 Nxe5 37. Bf3 Qxf3 0-1


[Site "https://www.chess.com"]

[Event "Titled Tuesday Blitz March 01 Early 2022"]
[White "Zaksaite, Salomeja"]
[Black "Joubert, Dantelle"]
[WhiteFideId "12801496"]
[BlackFideId "14310813"]
[WhiteElo "2002"]
[BlackElo "1507"]
[Result "1-0"]
[Round "07"]
[TimeControl "180+1"]
[Date "2022.03.01"]
[WhiteClock "0:01:57"]
[BlackClock "0:00:18"]

1. e4 c5 2. Nf3 g6 3. Bc4 Bg7 4. c3 e6 5. d4 cxd4 6. O-O Ne7 7. Nxd4 O-O 8. Bg5 h6 9. Bh4 g5 10. Bg3 d5 11. exd5 Nxd5 12. Nd2 a6 13. a4 e5 14. N4b3 Nb6 15. Be2 f5 16. f3 Be6 17. Nc5 Bf7 18. Bf2 Qc7 19. g4 f4 20. Nde4 Nc6 21. Qd6 Rac8 22. Qxc7 Rxc7 23. Nxa6 bxa6 24. Bxb6 Rd7 25. Bxa6 Rb8 26. a5 Ra8 27. Bb5 1-0


[Site "https://www.chess.com"]

[Event "Titled Tuesday Blitz March 01 Early 2022"]
[White "Zhigalko, Sergei"]
[Black "Kozak, Antoni"]
[WhiteFideId "13502956"]
[BlackFideId "21832030"]
[WhiteElo "2662"]
[BlackElo "2232"]
[Result "1-0"]
[Round "07"]
[TimeControl "180+1"]
[Date "2022.03.01"]
[WhiteClock "0:01:40"]
[BlackClock "0:00:02"]

1. e4 c5 2. Nf3 d6 3. d4 cxd4 4. Qxd4 Nc6 5. Bb5 Bd7 6. Bxc6 Bxc6 7. Nc3 e6 8. Bg5 Nf6 9. O-O-O Be7 10. Rhe1 h6 11. Bh4 e5 12. Qd3 g5 13. Bg3 Qa5 14. Kb1 b5 15. Nd5 Bxd5 16. exd5 e4 17. Qd4 O-O-O 18. Nd2 Rhe8 19. Nxe4 Nxe4 20. Qxe4 Kb7 21. Qh7 Qc7 22. Qxf7 h5 23. Qxh5 Qd7 24. Qf7 Bf8 1-0


[Site "https://www.chess.com"]

[Event "Titled Tuesday Blitz March 01 Early 2022"]
[White "Zia, Tahsin Tajwar"]
[Black "Danielian, Vardan"]
[WhiteFideId "10211888"]
[BlackFideId "13301594"]
[WhiteElo "1800"]
[BlackElo "2486"]
[Result "1/2-1/2"]
[Round "07"]
[TimeControl "180+1"]
[Date "2022.03.01"]
[WhiteClock "0:00:09"]
[BlackClock "0:00:04"]

1. d4 Nf6 2. Bf4 d6 3. Nc3 e6 4. e4 Be7 5. f3 O-O 6. Qd2 d5 7. e5 Nfd7 8. O-O-O c5 9. Nge2 Nc6 10. h4 b5 11. Bg5 b4 12. Na4 Qa5 13. Bxe7 Qxa4 14. Bf6 gxf6 15. Qh6 Kh8 16. Rh3 Rg8 17. exf6 Rg6 18. Qf4 Nxf6 19. h5 Nxh5 20. Rxh5 Bd7 21. Qxf7 Rg7 22. Qf6 Kg8 23. Rg5 Rxg5 24. Qxg5+ Kf7 25. Qh5+ Ke7 26. Qxh7+ Kd6 27. Qh2+ Ke7 28. dxc5 Qxa2 29. Qd6+ Ke8 30. Nf4 Qa1+ 31. Kd2 Qxb2 32. Bd3 Qc3+ 33. Kc1 Qa1+ 34. Kd2 Qc3+ 35. Ke2 Qe5+ 36. Qxe5 Nxe5 37. g4 a5 38. g5 Ke7 39. Rh1 Rf8 40. Rh7+ Rf7 41. g6 Rxh7 42. gxh7 Nf7 43. Ng6+ Kf6 44. h8=Q+ Nxh8 45. Nxh8 a4 46. Kd2 a3 47. Kc1 Be8 48. Ng6 e5 49. Nh4 Bc6 50. Ng2 e4 51. fxe4 dxe4 52. Bc4 Ke5 53. Ne3 Kd4 54. Kd2 Bb5 55. Bb3 Kxc5 56. Nf5 Bc4 57. Ne3 Bxb3 58. cxb3 a2 59. Nc2 Kd6 60. Ke3 Ke5 61. Na1 Kf5 62. Nc2 Ke5 63. Na1 Kf5 64. Ke2 Kf4 65. Nc2 e3 66. Na1 Ke4 67. Nc2 Kf4 68. Na1 Ke4 69. Nc2 Kf4 1/2-1/2


[Site "https://www.chess.com"]

[Event "Titled Tuesday Blitz March 01 Early 2022"]
[White "Zierk, Steven"]
[Black "Brodowski, Piotr"]
[WhiteFideId "2034255"]
[BlackFideId "1124480"]
[WhiteElo "2494"]
[BlackElo "2422"]
[Result "1-0"]
[Round "07"]
[TimeControl "180+1"]
[Date "2022.03.01"]
[WhiteClock "0:00:48"]
[BlackClock "0:00:06"]

1. b3 e5 2. Bb2 d6 3. c4 g6 4. e3 Bg7 5. Nf3 Nf6 6. d4 exd4 7. Nxd4 O-O 8. Be2 Bd7 9. Bf3 Nc6 10. Nxc6 Bxc6 11. Bxc6 bxc6 12. O-O Rb8 13. Nc3 Re8 14. Ne2 c5 15. Qc2 Qd7 16. Rad1 a5 17. Nc3 h5 18. Na4 Qe6 19. Bc3 Ra8 20. Rfe1 h4 21. h3 Ne4 22. Bxg7 Kxg7 23. f3 Ng3 24. Nc3 c6 25. Rd3 Nf5 26. Qd2 Qe5 27. e4 Nd4 28. Ne2 Nxe2+ 29. Rxe2 a4 30. b4 cxb4 31. Qxb4 Reb8 32. Qxd6 Rb1+ 33. Kf2 Qg5 34. f4 Qh5 35. Qxc6 Rab8 36. Qd5 Qh8 37. Qe5+ Kh7 38. Qxh8+ Kxh8 39. Rc3 R1b2 40. Rcc2 a3 41. Ke3 Kg7 42. c5 Kf6 43. c6 Rxc2 44. Rxc2 Rb2 45. Kd3 Rb8 46. c7 Rc8 47. Kd4 Ke6 48. f5+ gxf5 49. exf5+ Kd6 50. Rc3 f6 51. Rc2 Rxc7 52. Rxc7 Kxc7 53. Kc5 Kd7 54. Kd5 Ke7 55. Kc6 Kf7 56. Kd6 Kf8 57. Ke6 Kg7 58. Ke7 Kh6 59. Kxf6 Kh5 60. Ke5 Kg5 61. f6 Kg6 62. Ke6 1-0


[Site "https://www.chess.com"]

[Event "Titled Tuesday Blitz March 01 Early 2022"]
[White "Abdyzhapar, Asylbek"]
[Black "Chigaev, Maksim"]
[WhiteFideId "13800337"]
[BlackFideId "4108116"]
[WhiteElo "2723"]
[BlackElo "2899"]
[Result "1/2-1/2"]
[Round "08"]
[TimeControl "180+1"]
[Date "2022.03.01"]
[WhiteClock "0:00:25"]
[BlackClock "0:00:06"]

1. c4 e5 2. g3 g6 3. Bg2 Bg7 4. b3 Nc6 5. Bb2 h5 6. h4 Nge7 7. Nh3 d6 8. O-O Nd4 9. e3 Bg4 10. f3 Bxh3 11. Bxh3 Ndc6 12. Nc3 O-O 13. Nd5 Nxd5 14. cxd5 Ne7 15. e4 c6 16. d4 cxd5 17. dxe5 Bxe5 18. Bxe5 dxe5 19. Qe2 Qb6+ 20. Kh2 Rad8 21. Rad1 d4 22. f4 exf4 23. gxf4 Qf6 24. Qf2 d3 25. e5 Qb6 26. Qg3 Qd4 27. f5 Kh7 28. fxg6+ fxg6 29. Rxf8 Rxf8 30. Rxd3 Qf2+ 31. Qxf2 Rxf2+ 32. Kg3 Re2 33. Kf4 Kh6 34. Rd7 Nc6 35. e6 Rxa2 36. Rxb7 Rh2 37. Kg3 Re2 38. Rc7 Nd4 39. e7 Nf5+ 40. Bxf5 gxf5 41. Rxa7 Kg6 42. b4 Kf7 43. Kf4 Re4+ 44. Kxf5 Rxh4 45. Rb7 Ke8 46. b5 Rb4 47. b6 h4 48. Rb8+ Kxe7 49. b7 Kd7 50. Rh8 Rxb7 51. Rh7+ Kc6 52. Rxb7 Kxb7 53. Kg4 h3 54. Kxh3 1/2-1/2


[Site "https://www.chess.com"]

[Event "Titled Tuesday Blitz March 01 Early 2022"]
[White "Agibileg, Uurtsaikh"]
[Black "Santos Flores, Alberto"]
[WhiteFideId "4901606"]
[BlackFideId "3601234"]
[WhiteElo "2205"]
[BlackElo "2293"]
[Result "1-0"]
[Round "08"]
[TimeControl "180+1"]
[Date "2022.03.01"]
[WhiteClock "0:00:20"]
[BlackClock "0:00:01"]

1. d4 d5 2. c4 c6 3. Nf3 Nf6 4. Nc3 dxc4 5. a4 Bf5 6. Ne5 e6 7. g3 Bb4 8. Bg2 Nbd7 9. Nxc4 O-O 10. O-O Nb6 11. Ne5 Nbd7 12. Qb3 a5 13. Rd1 Nxe5 14. dxe5 Nd7 15. Na2 Qe7 16. Nxb4 axb4 17. Bg5 Qxg5 18. Rxd7 b5 19. a5 Rfd8 20. Rxd8+ Qxd8 21. Qxb4 Qc7 22. a6 Qb6 23. Qe7 h6 24. e4 Bg6 25. a7 c5 26. h4 c4 27. g4 h5 28. gxh5 Bxh5 29. Qg5 Be2 30. h5 Bxh5 31. Qxh5 Rxa7 32. Rd1 Ra8 33. Bf1 Qc5 34. Rd7 Rf8 35. Qg5 Qb4 36. Qd2 Qxd2 37. Rxd2 Rc8 38. f3 g5 39. Rg2 Kf8 40. Rxg5 b4 41. Rg2 c3 42. bxc3 bxc3 43. Rc2 Ke7 44. Kf2 1-0


[Site "https://www.chess.com"]

[Event "Titled Tuesday Blitz March 01 Early 2022"]
[White "Al-Tarboush, Ward"]
[Black "Prado Lobo, Jonas"]
[WhiteFideId "7601450"]
[BlackFideId "32050666"]
[WhiteElo "2276"]
[BlackElo "2199"]
[Result "0-1"]
[Round "08"]
[TimeControl "180+1"]
[Date "2022.03.01"]
[WhiteClock "0:01:56"]
[BlackClock "0:00:33"]

1. e4 e6 2. d4 d5 3. exd5 exd5 4. Bd3 Nc6 5. Nf3 Bg4 6. c3 Bd6 7. O-O Qd7 8. Re1+ Nge7 9. Nbd2 O-O-O 10. b4 Ng6 11. Nb3 Rde8 12. Be3 f5 13. b5 Nd8 14. Nc5 Qf7 15. Qa4 Kb8 16. Ng5 Qe7 17. Bd2 Bxc5 18. Rxe7 Bxe7 19. h3 Bh5 20. Bxf5 Bd6 21. Nf7 Nxf7 22. g4 Nh4 23. Bd7 Re7 24. b6 axb6 25. gxh5 Nf3+ 26. Kg2 Nxd2 27. Bb5 Nh6 28. Bd3 Ne4 29. Bxe4 Rxe4 30. Qd7 Re7 31. Qb5 Rhe8 32. Qxd5 Rf8 33. a4 Nf5 34. a5 Nh4+ 35. Kf1 Bg3 36. Ra2 Ref7 37. axb6 Rxf2+ 38. Rxf2 Rxf2+ 39. Ke1 Rf5+ 0-1


[Site "https://www.chess.com"]

[Event "Titled Tuesday Blitz March 01 Early 2022"]
[White "Ambartsumova, Karina"]
[Black "Iljin, Timofey"]
[WhiteFideId "4166299"]
[BlackFideId "14110180"]
[WhiteElo "2262"]
[BlackElo "2396"]
[Result "1-0"]
[Round "08"]
[TimeControl "180+1"]
[Date "2022.03.01"]
[WhiteClock "0:00:11"]
[BlackClock "0:00:11"]

1. c4 f5 2. Nf3 Nf6 3. g3 g6 4. Bg2 Bg7 5. O-O O-O 6. d4 d6 7. b3 Qe8 8. Bb2 Nc6 9. d5 Nb8 10. Nc3 a5 11. Nb5 Na6 12. Nfd4 Bd7 13. Qd2 c5 14. dxc6 bxc6 15. Nc3 Nc5 16. Qc2 e5 17. Nf3 Rd8 18. Rad1 Be6 19. Ng5 Bc8 20. Ba3 h6 21. Nh3 e4 22. Rxd6 Rxd6 23. Bxc5 Qe5 24. Bxd6 Qxd6 25. Rd1 Qe5 26. Nf4 Kh7 27. e3 g5 28. Nfe2 Ng4 29. h3 Nf6 30. Na4 Nh5 31. Qc3 Qc7 32. Qd2 Be6 33. Qd6 Qf7 34. Qxc6 Kh8 35. Nc5 Bc8 36. Qd6 f4 37. exf4 gxf4 38. Nxf4 Bf6 39. Nxh5 Rd8 40. Qxd8+ Bxd8 41. Rxd8+ Kh7 42. Nf4 Bf5 43. Rd5 Bc8 44. Bxe4+ Kg7 45. Nh5+ Kf8 46. Nf4 Ke7 47. Re5+ Kd6 48. Rd5+ Kc7 49. Ncd3 Be6 50. Rd4 Bd7 51. Ne5 Qf6 52. Rxd7+ Kc8 53. Rd5 Kc7 54. Kg2 h5 55. Bf3 h4 56. Bg4 hxg3 57. fxg3 Kb6 58. Nd7+ Kc7 59. Nxf6 a4 60. h4 Kb6 61. bxa4 Kc6 62. h5 Kb6 63. h6 Kc7 64. h7 Kc6 65. h8=Q Kb6 66. Qb8+ Kc6 67. Rd6+ Kc5 68. Qb6+ Kxc4 69. Rd4+ Kc3 70. Qb4+ Kc2 71. Rd2+ Kc1 72. Qb2# 1-0


[Site "https://www.chess.com"]

[Event "Titled Tuesday Blitz March 01 Early 2022"]
[White "Araujo Filho, Luiz Antonio Coel"]
[Black "Khamdamova, Afruza"]
[WhiteFideId "2130661"]
[BlackFideId "14210444"]
[WhiteElo "2168"]
[BlackElo "1660"]
[Result "0-1"]
[Round "08"]
[TimeControl "180+1"]
[Date "2022.03.01"]
[WhiteClock "0:00:02"]
[BlackClock "0:00:45"]

1. d4 Nf6 2. Nf3 d5 3. e3 c5 4. c3 Nc6 5. Nbd2 Bf5 6. Qa4 e6 7. Bb5 Qb6 8. dxc5 Bxc5 9. Nd4 Rc8 10. Nxf5 exf5 11. O-O O-O 12. Bd3 Ne7 13. Nb3 Bd6 14. Nd4 Ne4 15. Qd1 g6 16. a4 Bb8 17. f4 a6 18. Qf3 Qf6 19. h3 Qh4 20. Bxe4 dxe4 21. Qf2 Qf6 22. Bd2 Ba7 23. b4 Nd5 24. Rac1 Rfe8 25. Rfe1 Qd6 26. g4 Bxd4 27. cxd4 fxg4 28. hxg4 Nxb4 29. Rxc8 Rxc8 30. Rb1 Nd3 31. Qf1 Rc2 32. Be1 b6 33. Qh3 Ra2 34. f5 Rxa4 35. Bg3 Qa3 36. f6 Qa2 37. Rf1 h5 38. gxh5 g5 39. h6 Qd2 40. h7+ Kh8 41. Qh6 Qxe3+ 42. Kg2 Ra2+ 43. Kh3 g4+ 0-1


[Site "https://www.chess.com"]

[Event "Titled Tuesday Blitz March 01 Early 2022"]
[White "Artemenko, Oleg"]
[Black "Lou, Yiping"]
[WhiteFideId "14201798"]
[BlackFideId "8603928"]
[WhiteElo "2287"]
[BlackElo "2412"]
[Result "0-1"]
[Round "08"]
[TimeControl "180+1"]
[Date "2022.03.01"]
[WhiteClock "0:00:11"]
[BlackClock "0:00:16"]

1. d4 Nf6 2. Nc3 d5 3. Bf4 Bf5 4. f3 e6 5. g4 Bg6 6. h4 h5 7. g5 Nfd7 8. e3 c5 9. Nb5 Na6 10. c3 Qb6 11. a4 Be7 12. Bd3 Bxd3 13. Qxd3 cxd4 14. exd4 e5 15. dxe5 Nac5 16. Qc2 a6 17. Nd4 Qxb2 18. Qxb2 Nd3+ 19. Ke2 Nxb2 20. Rb1 Nxa4 21. Rxb7 Ndc5 22. Rc7 Nxc3+ 23. Kf2 Nb5 24. Nxb5 axb5 25. Ne2 Ne6 26. Rb7 Bc5+ 27. Kg3 b4 28. Nc1 O-O 29. Nb3 Rfb8 30. Rd7 Rd8 31. Rxd8+ Rxd8 32. Bd2 Be7 33. Ra1 d4 34. Ra4 d3 35. Ra7 Kf8 36. f4 g6 37. Kf3 Ng7 38. Na5 Rc8 39. Ke4 Nf5 40. Kxd3 Nxh4 41. Rb7 Nf5 42. Bxb4 Rd8+ 43. Ke2 Bxb4 44. Rxb4 h4 45. Nc6 Rd5 46. Rb3 Rc5 47. Rb8+ Kg7 48. Nd8 h3 49. Kf3 h2 50. Kg2 Rc2+ 51. Kh1 Ng3# 0-1


[Site "https://www.chess.com"]

[Event "Titled Tuesday Blitz March 01 Early 2022"]
[White "Bambino Filho, Antonio Carlos"]
[Black "Zanette, Edgard Vinicius"]
[WhiteFideId "2113163"]
[BlackFideId "2109263"]
[WhiteElo "2452"]
[BlackElo "2182"]
[Result "1-0"]
[Round "08"]
[TimeControl "180+1"]
[Date "2022.03.01"]
[WhiteClock "0:00:10"]
[BlackClock "0:00:05"]

1. c4 Nf6 2. Nc3 e6 3. d4 d5 4. Bg5 Bb4 5. Nf3 O-O 6. e3 Nbd7 7. Bd3 dxc4 8. Bxc4 c5 9. O-O cxd4 10. exd4 b6 11. Qe2 Bxc3 12. bxc3 Bb7 13. Ne5 Qc7 14. Nxd7 Nxd7 15. Rac1 Rac8 16. Bd3 Qc6 17. f3 Qd5 18. Be7 Rfe8 19. Be4 Qc4 20. Bd3 Qd5 21. Bh4 Nf8 22. Bf2 e5 23. c4 Qd7 24. d5 Qd6 25. Qb2 Nd7 26. Bf5 Rc7 27. Rfe1 Nc5 28. Bb1 Bc8 29. Qd2 f5 30. Qg5 Qf6 31. Qh5 g6 32. Qh6 Qg7 33. Qh4 g5 34. Qh5 Qg6 35. Qxg6+ hxg6 36. Be3 f4 37. Bf2 Bf5 38. Bxf5 gxf5 39. Bxc5 Rxc5 40. Kf2 Kf7 41. Red1 Rd8 42. Rd3 e4 43. Ra3 e3+ 44. Ke2 Rd7 45. Ra4 Kf6 46. Rd1 Ke5 47. h4 g4 48. g3 fxg3 49. fxg4 f4 50. Kf3 Rf7 51. h5 Kd6 52. Rh1 Re7 53. Re1 Rc8 54. Kxf4 g2 55. Kg3 Rd8 56. Kxg2 Rg8 57. Kg3 Re4 58. c5+ Ke5 59. Rxe4+ Kxe4 60. cxb6 axb6 61. d6 Rd8 62. g5 Rxd6 63. g6 Rd5 64. Kg4 Kd3 65. Rd1+ Ke4 66. Rxd5 e2 67. Rd7 e1=Q 68. Re7+ Kd3 69. Rxe1 1-0


[Site "https://www.chess.com"]

[Event "Titled Tuesday Blitz March 01 Early 2022"]
[White "Barbashin, Igor"]
[Black "Shtyka, Sergey"]
[WhiteFideId "4155718"]
[BlackFideId "4138465"]
[WhiteElo "2138"]
[BlackElo "2014"]
[Result "1-0"]
[Round "08"]
[TimeControl "180+1"]
[Date "2022.03.01"]
[WhiteClock "0:00:26"]
[BlackClock "0:00:01"]

1. d4 c5 2. c3 cxd4 3. cxd4 Nf6 4. Nf3 g6 5. Nc3 Bg7 6. g3 O-O 7. Bg2 d5 8. O-O Nc6 9. Bf4 Bf5 10. Qb3 Na5 11. Qb4 b6 12. Ne5 Rc8 13. b3 Qd6 14. Qxd6 exd6 15. Rac1 dxe5 16. dxe5 Nd7 17. Nxd5 Rxc1 18. Rxc1 Bxe5 19. b4 Bxf4 20. gxf4 Be6 21. bxa5 Bxd5 22. Bxd5 Nc5 23. axb6 axb6 24. Rb1 Rd8 25. e4 Rd6 26. Kg2 Kg7 27. f3 f5 28. Kf2 h5 29. Ke3 Na4 30. Rc1 Nc5 31. Kd4 h4 32. Ke5 Rd8 33. Kd4 Ne6+ 34. Ke3 Nc5 35. Rb1 Rd6 36. Rg1 Kf8 37. Kd4 1-0


[Site "https://www.chess.com"]

[Event "Titled Tuesday Blitz March 01 Early 2022"]
[White "Bashirli, Saadat"]
[Black "Bongo Akanga Ndjila, Barthelemy"]
[WhiteFideId "13429990"]
[BlackFideId "10609431"]
[WhiteElo "1173"]
[BlackElo "1803"]
[Result "1-0"]
[Round "08"]
[TimeControl "180+1"]
[Date "2022.03.01"]
[WhiteClock "0:01:53"]
[BlackClock "0:00:02"]

1. d4 g6 2. e4 d6 3. Be2 Bg7 4. h4 Nf6 5. Nc3 h5 6. Nf3 Bg4 7. O-O O-O 8. Bg5 c6 9. Bd3 Nbd7 10. Re1 e5 11. dxe5 Nxe5 12. Be2 Bxf3 13. Bxf3 Qc7 14. Bf4 Nxf3+ 15. Qxf3 Ng4 16. Rad1 Ne5 17. Qg3 Rad8 18. Re2 Nc4 19. b3 Ne5 20. Red2 Rfe8 21. Ne2 c5 22. Nc3 Qc6 23. Nd5 b5 24. Bg5 Rd7 25. Bf6 1-0


[Site "https://www.chess.com"]

[Event "Titled Tuesday Blitz March 01 Early 2022"]
[White "Batsiashvili, Nino"]
[Black "Sovetbekova, Nurai"]
[WhiteFideId "13602993"]
[BlackFideId "13801910"]
[WhiteElo "2230"]
[BlackElo "1545"]
[Result "1-0"]
[Round "08"]
[TimeControl "180+1"]
[Date "2022.03.01"]
[WhiteClock "0:00:06"]
[BlackClock "0:00:02"]

1. d4 Nf6 2. c4 g6 3. Nc3 d5 4. cxd5 Nxd5 5. e4 Nxc3 6. bxc3 Bg7 7. Nf3 c5 8. h3 Nc6 9. Be3 Qa5 10. Bd2 Qc7 11. d5 Ne5 12. Nxe5 Bxe5 13. Bb5+ Bd7 14. Bxd7+ Qxd7 15. f4 Bf6 16. e5 Bh4+ 17. Kf1 Qxd5 18. Qa4+ Kf8 19. Qc2 Rd8 20. Be3 Qc4+ 21. Kg1 Rd3 22. Bf2 Rxc3 23. Qd2 Rc2 24. Qxc2 Qxc2 25. Bxh4 Qe4 26. Rf1 c4 27. Kh2 c3 28. Rf3 c2 29. Rc1 Kg7 30. Bxe7 Rc8 31. Kg3 Rc4 32. Bf6+ Kg8 33. Kh2 h6 34. h4 g5 35. hxg5 hxg5 36. Bxg5 Rd4 37. Rg3 Kf8 38. Bf6 Rd1 39. Rxc2 Qxc2 40. Rh3 Qf5 41. Rh8# 1-0


[Site "https://www.chess.com"]

[Event "Titled Tuesday Blitz March 01 Early 2022"]
[White "Bilan, Danila"]
[Black "Maltsevskaya, Aleksandra"]
[WhiteFideId "24161918"]
[BlackFideId "24174041"]
[WhiteElo "2164"]
[BlackElo "2283"]
[Result "0-1"]
[Round "08"]
[TimeControl "180+1"]
[Date "2022.03.01"]
[WhiteClock "0:00:03"]
[BlackClock "0:00:04"]

1. d4 Nf6 2. Nf3 g6 3. Bg5 Bg7 4. c3 O-O 5. Nbd2 d6 6. e4 Nbd7 7. Be2 e5 8. dxe5 dxe5 9. O-O Qe7 10. Qc2 c6 11. a4 h6 12. Bh4 Re8 13. Rfe1 Nf8 14. Bc4 g5 15. Bg3 Ng6 16. a5 g4 17. Nh4 Be6 18. Bxe6 Qxe6 19. Nf5 Rad8 20. Rad1 h5 21. Nf1 Bf8 22. N1e3 Bc5 23. Rxd8 Rxd8 24. Rd1 Rxd1+ 25. Qxd1 Nxe4 26. Qd8+ Bf8 27. h3 gxh3 28. gxh3 Qa2 29. Qd3 Nxg3 30. Nxg3 Qa1+ 31. Kh2 Qe1 32. Qf5 Nf4 33. Ne4 Bg7 34. Qc8+ Kh7 35. Qf5+ Kh8 36. Qxf7 Qe2 37. Qf5 Qf3 38. Qc8+ Kh7 39. Qf5+ Kg8 40. Qc8+ Bf8 41. Qf5 Be7 42. Qc8+ Kf7 43. Qf5+ Ke8 44. Qh7 Kd8 45. Qf5 b6 46. b4 bxa5 47. bxa5 a6 48. Qh7 Qxh3+ 49. Kg1 Ne2# 0-1


[Site "https://www.chess.com"]